[Event "*** SCC Grand Prix: Titled Tuesday Blitz"]
[Site "Chess.com"]
[Date "2020.07.21"]
[Round "1"]
[White "Gandrade2"]
[Black "ChessAurochs"]
[Result "0-1"]
[WhiteElo "2089"]
[BlackElo "2516"]
[TimeControl "180+1"]
[EndTime "10:07:02 PDT"]
[Termination "ChessAurochs won on time"]

1. d4 Nf6 2. c4 e6 3. Nc3 Bb4 4.
f3 c5 5. d5 d6 6. a3 Ba5 7. e3 O-O 8. Bd3 b5 9. Ne2 Bb7 10. e4 bxc4 11. Bxc4 exd5 12. exd5 Nbd7 13. O-O Ne5 14. Bd3 Re8 15. Bg5 h6 16. Bh4 Ng6 17. Bxg6 fxg6 18. Qd3 g5 19. Bf2 Qc8 20. Qg6 Qd7 21.
Rfd1 Qf7 22. Qd3 Rab8 23. Ng3 Bxc3 24. bxc3 Nxd5 25. c4 Nf4 26. Qxd6 Nxg2 27. Rd3 Nh4 28. Ne4 Nxf3+ 29. Kg2 Bxe4 30. Kf1 Bxd3+ 31. Qxd3 Rbd8 0-1

[Event "*** SCC Grand Prix: Titled Tuesday Blitz"]
[Site "Chess.com"]
[Date "2020.07.21"]
[Round "1"]
[White "eljanov"]
[Black "Kavyev_Ruslan"]
[Result "1-0"]
[WhiteElo "2868"]
[BlackElo "2428"]
[TimeControl "180+1"]
[EndTime "10:07:03 PDT"]
[Termination "eljanov won by resignation"]

1. e4 c5 2. Nf3 d6 3. Bb5+ Nd7 4. Ba4 Nf6 5. O-O a6 6. c4 g6 7. Nc3 Bg7 8. d3 O-O 9. h3 Ne5 10. Nxe5 dxe5 11. Be3 b6 12. Rb1 a5 13. a3 Bd7 14. b4 axb4 15. axb4 Qc7 16. Bxd7 Nxd7 17. Nd5 Qd8 18. Bg5 f6 19. Be3 e6 20. Nc3 f5 21. f3 Qe7 22. Qc2 Rfd8 23. bxc5 Nxc5 24. Rfd1 Rab8 25. Rb5 Bf8 26. Kh1 Qc7 27. Na4 Rb7 28. Nxc5 Bxc5 29. Bxc5 bxc5 30. Rdb1 Rxb5 31. cxb5 Rb8 32.
Qc4 Kf7 33. Ra1 Rb7 34. Ra6 Qd7 35. Rc6 Rc7 36. Qxc5 Rxc6 37. bxc6 Qxd3 38. c7 Qd1+ 39. Kh2 1-0

[Event "*** SCC Grand Prix: Titled Tuesday Blitz"]
[Site "Chess.com"]
[Date "2020.07.21"]
[Round "1"]
[White "Sacbutt"]
[Black "IwkooO"]
[Result "0-1"]
[WhiteElo "2264"]
[BlackElo "2610"]
[TimeControl "180+1"]
[EndTime "10:07:03 PDT"]
[Termination "IwkooO won by checkmate"]

1. d4 Nf6 2. c4 e6 3. Nf3 Bb4+ 4. Nbd2 O-O 5. g3 b6 6. Bg2 Bb7 7. O-O d5 8. cxd5 exd5 9. a3 Bd6 10. b4 Nbd7 11. Bb2 Qe7 12. e3 a5 13. b5 a4 14. Nb1 Ne4 15. Nfd2 f5 16. Nxe4 fxe4 17. Nc3 Ra5 18. Qc2 Nf6 19. h3 Bc8 20. Kh2 Bd7 21.
Rfb1 h5 22. Kg1 Qe8 23. Bf1 Qc8 24. h4 Qa8 25. Bc1 Kh8 26. Ra2 Ng4 27. Qd1 g6 28. Be2 Kg7 29. Bxg4 Bxg4 30. Qe1 Rf5 31. Bd2 Bf3 32.
Nd1 Ra7 33. Bb4 g5 34. hxg5 h4 35. Bxd6 cxd6 36. gxh4 Qh8 37. Kf1 Qxh4 38. Qe2 Qh1# 0-1

[Event "*** SCC Grand Prix: Titled Tuesday Blitz"]
[Site "Chess.com"]
[Date "2020.07.21"]
[Round "1"]
[White "manmanlai1"]
[Black "Azoulas1"]
[Result "1-0"]
[WhiteElo "2491"]
[BlackElo "2022"]
[TimeControl "180+1"]
[EndTime "10:07:03 PDT"]
[Termination "manmanlai1 won by resignation"]

1. e4 c5 2. Nf3 e6 3. d4 cxd4 4. Nxd4 Nf6 5. Nc3 d6 6. g4 h6 7. h3 Nc6 8. Bg2 Bd7 9. Be3 Nxd4 10. Qxd4 Bc6 11. O-O-O Qc7 12. f4 b5 13. Rhe1 Nd7 14.
Bg1 Be7 15. Nd5 exd5 16. exd5 Bb7 17. Qxg7 Rf8 18. Qxh6 Rc8 19. Rd2 Nc5 20. Kb1 Kd8 21. Rde2 Re8 22. Bd4 Qd7 23. Bf6 b4 24. Bxe7+ Rxe7 25. Qf6 Rc7 26. Rxe7 Qxe7 27. Qh8+ Kd7 28. Rxe7+ Kxe7 29. b3 Rc8 30. Qh4+ Kd7 31. g5 Re8 32. Qf2 Ba6 33. Bf3 Ne4 34. Qxa7+ Kd8 35. Bxe4 Rxe4 36. Qxa6 1-0

[Event "*** SCC Grand Prix: Titled Tuesday Blitz"]
[Site "Chess.com"]
[Date "2020.07.21"]
[Round "1"]
[White "Colchonero64"]
[Black "Zufi1811"]
[Result "1/2-1/2"]
[WhiteElo "2929"]
[BlackElo "2457"]
[TimeControl "180+1"]
[EndTime "10:07:04 PDT"]
[Termination "Game drawn by agreement"]

1. e4 c5 2. Nf3 d6 3. c3 Nf6 4. h3 Nbd7 5. Bd3 b6 6. O-O Bb7 7. Qe2 e6 8. Bc2 Be7 9. d4 O-O 10. Bf4 Rc8 11. Bd3 Qc7 12. Nbd2 g6 13. Bh6 Rfd8 14. Rfe1 cxd4 15. cxd4 e5 16. Qe3 Nh5 17. d5 Qc5 18. g3 Qxe3 19. Bxe3 Nc5 20. Bf1 Nf6 21. Bg5 Kg7 22. b4 Na4 23. h4 h6 24.
Be3 Ng4 25. Bc4 Nxe3 26. Rxe3 a6 27. Bb3 Nc3 28. Nc4 Nxe4 29. Rxe4 Bxd5 30. Nxd6 Rxd6 31. Bxd5 Rxd5 32. Nxe5 Rxe5 33. Rxe5 Bf6 34. Rae1 Bxe5 35. Rxe5 Rc4 36. b5 axb5 37. Rxb5 Ra4 38. Rxb6 Rxa2 39. Kg2 1/2-1/2

[Event "*** SCC Grand Prix: Titled Tuesday Blitz"]
[Site "Chess.com"]
[Date "2020.07.21"]
[Round "1"]
[White "AtabayevSaparmyrat"]
[Black "RenarddesSurfaces"]
[Result "0-1"]
[WhiteElo "2724"]
[BlackElo "2413"]
[TimeControl "180+1"]
[EndTime "10:07:04 PDT"]
[Termination "RenarddesSurfaces won on time"]

1. e4 e5 2. Nf3 Nc6 3. Bb5 Nf6 4. d3 d6 5. Nc3 Be7 6. O-O O-O 7. d4 Bd7 8. Bxc6 Bxc6 9. Qe2 exd4 10. Nxd4 Bd7 11.
Bg5 Re8 12. Rad1 Nxe4 13. Bxe7 Qxe7 14. Rfe1 Nxc3 15. Qxe7 Rxe7 16. Rxe7 Nxd1 17. Rxd7 Nxb2 18. Rxc7 b6 19. g3 g6 20. Nb5 d5 21. Nxa7 Nc4 22.
Kg2 Na3 23. Nc8 Nb5 24. Rc6 Na7 25. Ne7+ Kf8 26. Rc7 Nb5 0-1

[Event "*** SCC Grand Prix: Titled Tuesday Blitz"]
[Site "Chess.com"]
[Date "2020.07.21"]
[Round "1"]
[White "vanea_03"]
[Black "ikhasu"]
[Result "0-1"]
[WhiteElo "2701"]
[BlackElo "2378"]
[TimeControl "180+1"]
[EndTime "10:07:04 PDT"]
[Termination "ikhasu won by resignation"]

1. d4 Nf6 2. c4 b6 3. Nc3 Bb7 4. Qc2 d5 5. cxd5 Nxd5 6. Nf3 e6 7. e4 Nxc3 8. bxc3 c5 9. Bb5+ Bc6 10.
a4 cxd4 11. cxd4 Bb4+ 12. Bd2 Bxd2+ 13. Qxd2 O-O 14. Qc2 Qd7 15. Ne5 Qxd4 16. Rd1 Qxe5 17. Bxc6 Nxc6 18. Qxc6 Rac8 19. Qb7 Rc7 20. Qa6 Qxe4+ 21.
Qe2 Qb4+ 22. Kf1 Qxa4 23. h4 h6 24. Rh3 Rc2 25. Qd3 Qc4 26. Qxc4 Rxc4 27. Rd7 a5 28.
Rb3 Rxh4 29. Rxb6 Ra8 30. Rbb7 Rf4 31. g3 Rf5 32. Kg2 h5 33. Ra7 Rxa7 34. Rxa7 g6 35. f4 Kg7 36. Kf3 Rb5 37. Ke4 Rb4+ 38. Ke5 a4 39. Kd6 Rb3 40. Ke7 Rxg3 41. Ke8 Rf3 42. Rxf7+ Kh6 43. Ke7 a3 44. Kxe6 a2 45. Ra7 Rxf4 46. Rxa2 h4 47. Ke5 g5 48. Ra8 Kh5 49.
Rh8+ Kg4 50. Ra8 Rf3 51. Ra2 h3 52. Ke4 Kg3 53. Ra1 g4 54. Rg1+ Kh4 55. Rh1 Rf2 56.
Ra1 h2 57. Rh1 g3 58. Ke3 Kh3 59. Ra1 Kg2 0-1

[Event "*** SCC Grand Prix: Titled Tuesday Blitz"]
[Site "Chess.com"]
[Date "2020.07.21"]
[Round "1"]
[White "Bastiandash"]
[Black "SantoBlue"]
[Result "0-1"]
[WhiteElo "2358"]
[BlackElo "2716"]
[TimeControl "180+1"]
[EndTime "10:07:04 PDT"]
[Termination "SantoBlue won on time"]

1. d4 Nf6 2. Nf3 e6 3. Bg5 h6 4. Bh4 d6 5. Nbd2 g5 6. Bg3 Nh5 7. e4 Bg7 8. Bd3 Nd7 9. c3 O-O 10. O-O Nxg3 11. hxg3 c5 12. Qe2 b6 13. a4 g4 14. Nh2 cxd4 15. cxd4 h5 16. Nb3 Bb7 17. Rac1 Rc8 18. Ba6 Rxc1 19. Rxc1 Ba8 20. Nf1 Qg5 21. Nfd2 Nb8 22. Bd3 Nc6 23. d5 Ne5 24. Rc7 Nxd3 25. Qxd3 exd5 26. exd5 Qxd5 27. Qxd5 Bxd5 28. Rxa7 Re8 29.
Kf1 Bxb2 30. Rd7 Be5 31. a5 bxa5 32. Nxa5 Ra8 33. Nab3 Rb8 34. Na5 Rb5 35. Ra7 Bd4 36. Ra6 Bc3 0-1

[Event "*** SCC Grand Prix: Titled Tuesday Blitz"]
[Site "Chess.com"]
[Date "2020.07.21"]
[Round "1"]
[White "SilviusTiberius"]
[Black "rududuyk"]
[Result "1-0"]
[WhiteElo "2504"]
[BlackElo "2064"]
[TimeControl "180+1"]
[EndTime "10:07:04 PDT"]
[Termination "SilviusTiberius won on time"]

1. e4 e6 2. d4 d5 3. Nc3 Nf6 4. Bg5 dxe4 5. Nxe4 Be7 6. Bxf6 gxf6 7. Nf3 a6 8. g3 f5 9. Nc3 b5 10. Bg2 Bb7 11. O-O h5 12. Re1 Qd6 13. Ne5 Bxg2 14. Kxg2 c6 15. Qf3 h4 16. Rad1 h3+ 17. Kg1 Ra7 18. a4 Rc7 19. Rd3 Nd7 20. axb5 axb5 21. Red1 Nf6 22. Ne2 Nd5 23. c3 Ra7 24. b3 Ra2 25. c4 Nb4 26. Re3 Nc2 27. Red3 Nb4 28. R3d2 Ra3 29. Nf4 Bf6 30. cxb5 cxb5 31. Qb7 1-0

[Event "*** SCC Grand Prix: Titled Tuesday Blitz"]
[Site "Chess.com"]
[Date "2020.07.21"]
[Round "1"]
[White "Onischuk_V"]
[Black "NiranjanNavalgund"]
[Result "1-0"]
[WhiteElo "2895"]
[BlackElo "2438"]
[TimeControl "180+1"]
[EndTime "10:07:05 PDT"]
[Termination "Onischuk_V won by resignation"]

1. e4 e5 2. Nf3 Nc6 3. Bc4 Nf6 4. d3 h6 5. O-O d6 6. Re1 g5 7. c3 g4 8. Nh4 Nxe4 9. dxe4 Qxh4 10. Nd2 h5 11. Nf1 Bd7 12. Ne3 Ne7 13. Qb3 O-O-O 14. Bxf7 Bh6 15. Be6 Bf4 16. g3 Qh3 17. Bxd7+ Rxd7 18. Qe6 Bxe3 19. Bxe3 h4 20. Re2 Kd8 21. Bg5 hxg3 22.
fxg3 Qh5 23. Bf6 Re8 24. Rf1 c6 25. Rf5 Qh7 26. Rd2 Kc7 27. Rxe5 Qh6 28. Bg5 Qxe6 29.
Rxe6 c5 30. Rf2 b6 31. Rff6 b5 32. Bf4 Kc8 33. Bxd6 a6 34. e5 Kb7 35. Rf7 Kc6 36. Rfxe7 Rexe7 37. Rxe7 Rd8 38. Rc7+ Kd5 39. Rxc5+ Ke4 40.
Kf2 Rh8 41. Kg2 Ke3 42. e6 Re8 43. e7 1-0

[Event "*** SCC Grand Prix: Titled Tuesday Blitz"]
[Site "Chess.com"]
[Date "2020.07.21"]
[Round "1"]
[White "marianokar"]
[Black "BillieKimbah"]
[Result "0-1"]
[WhiteElo "2438"]
[BlackElo "2894"]
[TimeControl "180+1"]
[EndTime "10:07:05 PDT"]
[Termination "BillieKimbah won on time"]

1. e4 c5 2. Nf3 e6 3. d3 Nc6 4. g3 Nf6 5. Bg2 d5 6. Nbd2 Be7 7. O-O O-O 8. Re1 Qc7 9. c3 b5 10. a4 b4 11. exd5 Nxd5 12. c4 Nf6 13. d4 Rd8 14. dxc5 Bxc5 15. Qe2 Na5 16. b3 Bb7 17. Bb2 Be7 18. Be5 Qb6 19. Rad1 h6 20. h3 Rd7 21. Bb2 Rad8 22. Ne5 Rd6 23. Bxb7 Qxb7 24. Qe3 Ne4 25. Qxe4 Qxe4 26. Rxe4 Rxd2 27. Rxd2 Rxd2 28. Bd4 f5 0-1

[Event "*** SCC Grand Prix: Titled Tuesday Blitz"]
[Site "Chess.com"]
[Date "2020.07.21"]
[Round "1"]
[White "Alexander_Moskalenko"]
[Black "Xeniya2005"]
[Result "1-0"]
[WhiteElo "2772"]
[BlackElo "2389"]
[TimeControl "180+1"]
[EndTime "10:07:05 PDT"]
[Termination "Alexander_Moskalenko won by resignation"]

1. e4 e6 2. d4 d5 3. Bd3 dxe4 4. Bxe4 Nf6 5. Bf3 Nbd7 6. Bf4 c5 7. Ne2 Qb6 8. Nbc3 Bd6 9. Bxd6 Qxd6 10. O-O O-O 11. Re1 Re8 12. a4 Nb6 13. Nb5 Qe7 14. dxc5 Qxc5 15. Qd6 Qxd6 16. Nxd6 Rd8 17. Nxb7 Bxb7 18.
Bxb7 Rab8 19. Ba6 Rd2 20. Bd3 Nbd5 21. b3 Nb4 22. Red1 Rxd1+ 23. Rxd1 Nfd5 24. c4 Nf6 25. f3 Kf8 26. Kf2 Ke7 27. Ke3 Nd7 28. Nd4 Nc5 29. Be4 f5 30. Bb1 g6 31. f4 Kf6 32. h3 Re8 33.
Kd2 a5 34. Kc3 e5 35. fxe5+ Rxe5 36. Nc2 Re2 37. Nxb4 axb4+ 38. Kxb4 Ne6 39. a5 Rxg2 40. a6 Nc7 41. a7 Re2 42. Rd7 1-0

[Event "*** SCC Grand Prix: Titled Tuesday Blitz"]
[Site "Chess.com"]
[Date "2020.07.21"]
[Round "1"]
[White "AsselLesbekova"]
[Black "RobertoJBM"]
[Result "0-1"]
[WhiteElo "2322"]
[BlackElo "2653"]
[TimeControl "180+1"]
[EndTime "10:07:05 PDT"]
[Termination "RobertoJBM won by resignation"]

1. e4 c6 2. d4 d5 3. Nd2 dxe4 4. Nxe4 Nd7 5. c3 Ngf6 6. Bd3 Nxe4 7. Bxe4 Nf6 8. Bc2 Bg4 9. f3 Bh5 10. Ne2 Bg6 11. Be3 e6 12. Bxg6 hxg6 13. Qb3 Qb6 14. O-O-O Be7 15. g4 Nd5 16. Bd2 O-O-O 17. c4 Qxb3 18.
axb3 Nb6 19. Be3 Rh7 20. Nc3 Rdh8 21. Bf4 Rh3 22. Rdf1 Bd8 23. Bg3 Bc7 24. f4 Nd7 25. Ne4 f6 26. Kd2 a6 27. Ke3 Kd8 28. Kf3 Ke7 29. Kg2 R3h7 30. h4 Rd8 31. f5 Bxg3 32. Nxg3 gxf5 33. gxf5 Nf8 34. Rd1 Kf7 35. fxe6+ Nxe6 36. d5 cxd5 37. cxd5 Rxd5 38. Rxd5 Nf4+ 39. Kf3 Nxd5 40.
Rd1 Ke6 41. Ne4 b6 42. Kg3 Rh8 43. Nc3 Nxc3 44. bxc3 Rc8 45. c4 b5 46. Rd4 bxc4 47.
bxc4 Rc5 48. Rg4 Kf7 49. Kf3 Re5 50. Rd4 a5 51. Rd7+ Re7 52. Rd5 Ra7 53. Rb5 a4 54. Rb2 Ke6 55. Ke4 a3 56. Ra2 g5 57. hxg5 fxg5 58. Kd3 Kd6 59. Kc2 Kc5 60. Kb3 g4 61. Ra1 a2 62. Kb2 g3 0-1

[Event "*** SCC Grand Prix: Titled Tuesday Blitz"]
[Site "Chess.com"]
[Date "2020.07.21"]
[Round "1"]
[White "Lion-Al-Messi"]
[Black "Msb2"]
[Result "1-0"]
[WhiteElo "2443"]
[BlackElo "2844"]
[TimeControl "180+1"]
[EndTime "10:07:06 PDT"]
[Termination "Lion-Al-Messi won by resignation"]

1. e4 e6 2. d4 d5 3. exd5 exd5 4. Bd3 Nc6 5. c3 Bd6 6. Nf3 Nge7 7. O-O Bg4 8. Nbd2 Qd7 9. Re1 f6 10. Qc2 O-O-O 11.
b4 Rde8 12. a4 Ng6 13. h3 Rxe1+ 14. Nxe1 Be6 15. Ndf3 Re8 16. a5 Kb8 17. b5 Nd8 18. b6 cxb6 19. axb6 a6 20. Ba3 Nf4 21. Bf1 Bxa3 22.
Rxa3 Qd6 23. Qa4 Bd7 24. Qb3 Bc8 25. Ra5 Nc6 26. Rc5 g5 27. Qa4 Ne2+ 28. Bxe2 Rxe2 29. c4 Qe7 30. cxd5 Rxe1+ 31. Nxe1 Qxe1+ 32. Kh2 Qb4 33. Qc2 Ne7 34. d6 Nc6 35. d5 Bd7 36. dxc6 Bxc6 37. Rxc6 bxc6 38. Qxc6 Qf4+ 39. Kg1 Qc1+ 40. Qxc1 1-0

[Event "*** SCC Grand Prix: Titled Tuesday Blitz"]
[Site "Chess.com"]
[Date "2020.07.21"]
[Round "1"]
[White "sasko1234"]
[Black "Oneofmyturns"]
[Result "0-1"]
[WhiteElo "2375"]
[BlackElo "2734"]
[TimeControl "180+1"]
[EndTime "10:07:06 PDT"]
[Termination "Oneofmyturns won by resignation"]

1. b3 Nf6 2. Bb2 d5 3. e3 e6 4.
Nf3 Bd6 5. Be2 c5 6. c4 O-O 7. O-O Nc6 8. cxd5 exd5 9. d4 Re8 10. dxc5 Bxc5 11. Nc3 Bg4 12. Na4 Be7 13. Rc1 a6 14. h3 Bh5 15. Nc5 Qb6 16. Na4 Qd8 17. Nc5 Qb6 18. Na4 Qa5 19. Nd4 Bxe2 20. Nxc6 bxc6 21.
Qxe2 Rac8 22. Rfd1 Ne4 23. Qg4 Bf6 24. Bxf6 Nxf6 25.
Qf5 Ne4 26. Rc2 g6 27. Qf4 Kg7 28. Rdc1 Re6 29. Qf3 Rf6 30. Qd1 Re8 31. Qd4 Re6 32. f3 Ng3 33. Kh2 Nf5 34. Qf4 Nxe3 35. Qd4 Qc7+ 36. Kg1 Nxc2 37. Rxc2 Qg3 38. Rc1 Re2 0-1

[Event "*** SCC Grand Prix: Titled Tuesday Blitz"]
[Site "Chess.com"]
[Date "2020.07.21"]
[Round "1"]
[White "wild_cat99"]
[Black "vitnik2020"]
[Result "0-1"]
[WhiteElo "2621"]
[BlackElo "2314"]
[TimeControl "180+1"]
[EndTime "10:07:06 PDT"]
[Termination "vitnik2020 won on time"]

1. Nf3 d5 2. e3 Nf6 3. c4 e6 4. b3 Be7 5. Bb2 b6 6. g3 O-O 7. Bg2 Bb7 8. O-O c5 9. Qe2 Nc6 10. Nh4 d4 11. f4 d3 12. Qe1 Rb8 13.
Nc3 Nb4 14. Bxb7 Rxb7 15. Qf2 Nd7 16. Ng2 Bf6 17. Qf3 Qc7 18. g4 g6 19. g5 Bg7 20.
h4 a6 21. h5 gxh5 22. Qxh5 f6 23. g6 hxg6 24. Qxg6 Rf7 25. f5 Nf8 26. Qg4 exf5 27. Rxf5 Nc6 28. Ne4 Ne5 29. Bxe5 fxe5 0-1

[Event "*** SCC Grand Prix: Titled Tuesday Blitz"]
[Site "Chess.com"]
[Date "2020.07.21"]
[Round "1"]
[White "ketster"]
[Black "Kobalia"]
[Result "0-1"]
[WhiteElo "2382"]
[BlackElo "2752"]
[TimeControl "180+1"]
[EndTime "10:07:07 PDT"]
[Termination "Kobalia won on time"]

1. d4 Nf6 2. c4 g6 3. Nc3 Bg7 4. e4 O-O 5. Nf3 d6 6. h3 e5 7. d5 Na6 8. Be3 Nc5 9. Nd2 a5 10. g4 c6 11. Be2 a4 12. h4 Qa5 13. Rc1 Nfxe4 14. Ncxe4 Nxe4 15. dxc6 bxc6 16. Bf3 d5 17. cxd5 cxd5 18. O-O f5 19. Nxe4 dxe4 20. Rc5 Qd8 21. Rd5 Qxh4 22. Bg2 Be6 23. Rd6 Bxa2 24. gxf5 gxf5 25.
Bc5 Kh8 26. Rd7 Rg8 27. Be7 Bf6 28. Bxf6+ Qxf6 29. Qh5 Qg6 30. Qxg6 Rxg6 31. Kh2 Rh6+ 32. Bh3 Re8 33. Rg1 f4 34. Rgg7 Be6 35. Rde7 Rxe7 36.
Rxe7 Bxh3 37. Rxe5 Bg4+ 38. Kg1 Bf3 0-1

[Event "*** SCC Grand Prix: Titled Tuesday Blitz"]
[Site "Chess.com"]
[Date "2020.07.21"]
[Round "1"]
[White "Gloomy_Wanderer"]
[Black "qingaunlee"]
[Result "1-0"]
[WhiteElo "2700"]
[BlackElo "2346"]
[TimeControl "180+1"]
[EndTime "10:07:07 PDT"]
[Termination "Gloomy_Wanderer won by resignation"]

1. d4 Nf6 2. Nf3 e6 3. c4 c5 4. d5 b5 5. dxe6 fxe6 6. cxb5 d5 7. Nc3 Bd6 8. e4 dxe4 9. Ng5 Bb7 10. Bc4 Qe7 11.
Bxe6 Rf8 12. Bc4 Nbd7 13. Nd5 Qe5 14. Bf4 Qf5 15. Bxd6 Nxd5 16. Bxf8 Kxf8 17. Nh3 N7f6 18. O-O Qg6 19. Bxd5 Nxd5 20. Qc1 Rc8 21. Nf4 Nxf4 22. Qxf4+ Kg8 23. Qe3 Rd8 24. Rad1 Rf8 25. Rd7 Ba8 26.
Rfd1 Qf6 27. Qxc5 e3 28. Qxe3 Qg6 29. g3 Bf3 30. Re1 Qh5 31. Qe6+ Kh8 32. Rf7 Rg8 33. Rf5 Qg4 34. Rf4 Qh5 35. Qf5 g5 36. Rxf3 1-0

[Event "*** SCC Grand Prix: Titled Tuesday Blitz"]
[Site "Chess.com"]
[Date "2020.07.21"]
[Round "1"]
[White "CrazyMartian"]
[Black "Eternauta2400"]
[Result "0-1"]
[WhiteElo "2296"]
[BlackElo "2638"]
[TimeControl "180+1"]
[EndTime "10:07:07 PDT"]
[Termination "Eternauta2400 won by checkmate"]

1. d4 Nf6 2. Bf4 d5 3. e3 c5 4. c3 Nc6 5. Nd2 e6 6. Ngf3 cxd4 7. exd4 Nh5 8. Be3 Bd6 9. Bd3 Nf4 10. Bxf4 Bxf4 11. O-O O-O 12. Re1 f6 13. g3 Bh6 14. Qc2 g6 15. h4 Bg7 16. h5 f5 17.
hxg6 hxg6 18. Kg2 Bd7 19. Re2 Rc8 20. Qd1 g5 21. Qh1 g4 22. Nh4 Qg5 23. Rae1 Kf7 24. Nb3 b6 25. Kg1 Rce8 26. Qg2 Bf6 27. Qf1 e5 28. Ng2 e4 29. Bc2 Ne7 30. Nf4 Qh6 31. Kg2 Bg5 32. Qh1 Bxf4 33. gxf4 Qxf4 34. Qh7+ Kf6 35.
Rh1 Ng6 36. Qxd7 Qf3+ 37. Kg1 Qxe2 38. Rh7 Re7 39. Qd6+ Kg5 40. Rxe7 Rh8 41. Nd2 Qxd2 42. Rg7 Qe1+ 43. Kg2 Qh1+ 44. Kg3 Qh3# 0-1

[Event "*** SCC Grand Prix: Titled Tuesday Blitz"]
[Site "Chess.com"]
[Date "2020.07.21"]
[Round "1"]
[White "GoltsevDmitry2000"]
[Black "Morshynska"]
[Result "1-0"]
[WhiteElo "2564"]
[BlackElo "2176"]
[TimeControl "180+1"]
[EndTime "10:07:07 PDT"]
[Termination "GoltsevDmitry2000 won on time"]

1. e4 e5 2. Nf3 Nc6 3. Bb5 a6 4. Ba4 Nf6 5. O-O b5 6. Bb3 Bb7 7. Re1 Bc5 8. Nxe5 Nxe5 9. d4 d6 10. Nc3 Bb6 11. dxe5 dxe5 12. Nd5 Nxd5 13. exd5 O-O 14.
Be3 Bxe3 15. Rxe3 Re8 16. Qe2 f6 17. Rd1 Kh8 18. Rh3 Qe7 19. Qe4 h6 20. Qg6 Rad8 21. Rdd3 Rd6 22. Rdg3 f5 23. Qxf5 Rf8 24. Qe4 c6 25.
Re3 cxd5 26. Qxe5 Qxe5 27. Rxe5 d4 28. Rd3 Rfd8 29. f3 g5 30. Re7 R6d7 31. Rxd7 Rxd7 32.
c3 Re7 33. Rxd4 a5 34. Kf2 a4 35. Bd5 Kg7 36. Bxb7 Rxb7 37. a3 Kf6 38. Rd5 h5 39. Ke3 h4 40. h3 Re7+ 41. Kd3 Re1 42. Rxb5 Rg1 43. Ke4 Rxg2 44. f4 g4 45. hxg4 Rxg4 46. Rh5 1-0

[Event "*** SCC Grand Prix: Titled Tuesday Blitz"]
[Site "Chess.com"]
[Date "2020.07.21"]
[Round "1"]
[White "Mazetovic"]
[Black "Chessdemon2019"]
[Result "0-1"]
[WhiteElo "2659"]
[BlackElo "2350"]
[TimeControl "180+1"]
[EndTime "10:07:08 PDT"]
[Termination "Chessdemon2019 won by resignation"]

1. e4 c5 2. Nf3 d6 3. Bb5+ Nd7 4. c4 Nf6 5. Nc3 a6 6. Bxd7+ Bxd7 7. d4 cxd4 8. Nxd4 g6 9. b3 Bg7 10. O-O O-O 11. Bb2 Qa5 12. Qe1 Rfc8 13. Nd5 Qxe1 14. Rfxe1 Nxd5 15. exd5 Kf8 16. a4 b5 17. axb5 axb5 18.
cxb5 Bxb5 19. Nxb5 Bxb2 20. Rxa8 Rxa8 21. Rb1 Be5 22.
g3 Ra5 23. Nc7 Rc5 24. Na6 Rxd5 25. b4 Rb5 26. Nc7 Rb7 27. Nd5 e6 28. Ne3 d5 29.
b5 Rb6 30. Kf1 Ke7 31. Ke2 Kd6 32. Kd3 Kc5 33. Ng4 Bg7 34. Rc1+ Kd6 35. Rb1 h5 36. Ne3 Be5 37. f4 Bf6 38. Nc2 Kc5 39. Na3 Bd8 40. Rb3 Bf6 41. Rb1 Rb8 42. Rb3 Kb6 43. Nc2 Rc8 44. Ra3 Kxb5 45. Ra7 Rc3+ 46. Kd2 Rf3 47. Rxf7 Rf2+ 48. Kd3 Bb2 49. Rb7+ Kc5 50.
Rxb2 Rxh2 51. Rb8 Rg2 52. Rc8+ Kd6 53. Nd4 Rxg3+ 54. Ke2 e5 55. Rc6+ Kd7 56. fxe5 Rg4 57. Kd3 Rxd4+ 58. Kxd4 Kxc6 59. e6 Kd6 60. e7 Kxe7 61.
Kxd5 Kf6 0-1

[Event "*** SCC Grand Prix: Titled Tuesday Blitz"]
[Site "Chess.com"]
[Date "2020.07.21"]
[Round "1"]
[White "Witik"]
[Black "dosto07"]
[Result "1-0"]
[WhiteElo "2589"]
[BlackElo "2236"]
[TimeControl "180+1"]
[EndTime "10:07:10 PDT"]
[Termination "Witik won by resignation"]

1. d4 d5 2. Bf4 Nf6 3. e3 c5 4. c3 Nc6 5. Nd2 e6 6. Bd3 Bd6 7. Bxd6 Qxd6 8. f4 O-O 9. Ngf3 b6 10. O-O Bb7 11. Ne5 Ne7 12. Qf3 a5 13. g4 Ba6 14. Bxa6 Rxa6 15. f5 exf5 16. gxf5 a4 17. a3 cxd4 18. exd4 Nc6 19. Rae1 Raa8 20. Kh1 Rfe8 21.
Qg3 Re7 22. Rg1 Nh5 23. Qh4 g6 24. Qxh5 Nxe5 25. dxe5 Rxe5 26. Rxe5 Qxe5 27. Nf3 Qe4 28. Qg4 Re8 29. Qxe4 dxe4 30. Nd4 Kg7 31. Kg2 Kf6 32.
Rf1 Ke5 33. fxg6 fxg6 34. Rf7 Kd5 35. Kf2 h5 36. Ke3 Re5 37. Rd7+ Kc4 38. Rc7+ Kd5 39.
c4+ Kd6 40. Rc6+ Kd7 41. Rxg6 h4 42. Rxb6 1-0

[Event "*** SCC Grand Prix: Titled Tuesday Blitz"]
[Site "Chess.com"]
[Date "2020.07.21"]
[Round "1"]
[White "sergivila"]
[Black "AnthonyWirig"]
[Result "1-0"]
[WhiteElo "2379"]
[BlackElo "2700"]
[TimeControl "180+1"]
[EndTime "10:07:11 PDT"]
[Termination "sergivila won on time"]

1. e4 c5 2. Nf3 e6 3. d4 cxd4 4. Nxd4 a6 5. Bd3 Qc7 6. O-O Nf6 7. Qe2 d6 8. c4 b6 9. b3 Bb7 10. Bb2 Be7 11. Nc3 Nbd7 12. Rae1 O-O 13. f4 Rad8 14. Bb1 Rfe8 15. Kh1 Bf8 16. Nf3 e5 17. fxe5 Nxe5 18.
Nh4 Ned7 19. Qf2 Qc5 20. Qg3 Qh5 21. Nf5 Qg4 22. Qxg4 Nxg4 23. Nd5 Bxd5 24. exd5 Nge5 25. Nd4 g6 26. Nc6 Rc8 27. Nxe5 Nxe5 28. Bxe5 dxe5 29.
Rf6 Bc5 30. Ref1 Rc7 31. Be4 Kg7 32. h4 Rd8 33. g4 Rd6 34. g5 Rxf6 35. gxf6+ 1-0

[Event "*** SCC Grand Prix: Titled Tuesday Blitz"]
[Site "Chess.com"]
[Date "2020.07.21"]
[Round "1"]
[White "kirillshevchenko"]
[Black "sergeikim"]
[Result "1-0"]
[WhiteElo "2923"]
[BlackElo "2445"]
[TimeControl "180+1"]
[EndTime "10:07:13 PDT"]
[Termination "kirillshevchenko won by resignation"]

1. e4 e5 2. Nf3 Nc6 3. d4 exd4 4. Bc4 Nf6 5. e5 d5 6. Bb5 Ne4 7. Nxd4 Bc5 8. Be3 Bxd4 9. Bxd4 O-O 10. O-O Nxd4 11. Qxd4 c5 12. Qe3 Bf5 13. Bd3 c4 14. Bxe4 Bxe4 15. c3 f6 16. Nd2 Bd3 17. Rfe1 fxe5 18.
Qxe5 Qd7 19. Qe6+ Qxe6 20. Rxe6 Rae8 21. Rae1 Kf7 22. Rxe8 Rxe8 23. Rxe8 Kxe8 24. f4 Be2 25. Kf2 Bd1 26. Ke3 Kd7 27. Kd4 Kd6 28. Nf1 Bh5 29. Ne3 Bf7 30. g4 g6 31. h4 Be6 32. f5 gxf5 33.
gxf5 Bf7 34. Ng2 b5 35. Nf4 a5 36. a3 Bg8 37. Nh5 Bf7 38. Nf6 h5 39. Nh7 Bg8 40. Ng5 Ke7 41. Ke5 b4 42. f6+ Kf8 43. axb4 axb4 44. cxb4 Ke8 45. b5 Kd7 46. f7 Bxf7 47.
Nxf7 1-0

[Event "*** SCC Grand Prix: Titled Tuesday Blitz"]
[Site "Chess.com"]
[Date "2020.07.21"]
[Round "1"]
[White "bocah_sakit"]
[Black "warmoatmeal"]
[Result "1-0"]
[WhiteElo "2720"]
[BlackElo "2364"]
[TimeControl "180+1"]
[EndTime "10:07:13 PDT"]
[Termination "bocah_sakit won by checkmate"]

1. Nf3 Nf6 2. g3 d5 3. Bg2 e6 4. O-O Be7 5. d4 O-O 6. c4 dxc4 7. Qc2 a6 8. Qxc4 b5 9. Qc2 Bb7 10. Bd2 Nbd7 11. Rd1 Rc8 12. Ba5 Nb6 13. Nbd2 Bd6 14. e4 Be7 15. Rac1 Qd7 16. Ne5 Qxd4 17. Bc3 Qa4 18. b3 Qa3 19. Bb2 Qa5 20. Nc6 Bxc6 21. Qxc6 Rfd8 22. Bc3 Qxa2 23. Bf1 b4 24. Ra1 Qc2 25.
Rdc1 Rxd2 26. Bxd2 Qxd2 27. Bxa6 Rd8 28. Qxc7 Na8 29.
Qxe7 Nxe4 30. Qxd8+ Qxd8 31. Rc8 Qxc8 32. Bxc8 Nb6 33.
Bb7 Nc5 34. Ra5 Nxb7 35. Rb5 Nd5 36. Rxb7 g6 37. f4 Kg7 38. Kf2 Kf6 39. Kf3 h5 40. h3 Kg7 41. g4 hxg4+ 42. hxg4 Kf8 43. Ke4 Ke8 44. Ke5 Kf8 45. f5 gxf5 46. gxf5 Ke8 47.
f6 Kf8 48. Rb8# 1-0